 Dungeon Crawl Stone Soup version 0.24.0-13-gcf9b3192b9 (webtiles) character file.

Game seed: 9852911039516393654, levelgen mode: deterministic

35 Kobob the Conjurer (level 3, 0/26 HPs)
             Began as a Demigod Conjurer on Nov 7, 2019.
             Slain by Natasha (5 damage)
             ... on level 2 of the Dungeon.
             The game lasted 00:11:08 (1710 turns).

Kobob the Conjurer (Demigod Conjurer)               Turns: 1710, Time: 00:11:09

Health: 0/26       AC:  4    Str: 11    XL:     3   Next: 2%
Magic:  9/9        EV: 12    Int: 21    God:
Gold:   81         SH:  0    Dex: 18    Spells: 6/7 levels left

rFire    . . .     SeeInvis .   d - +0 dagger
rCold    . . .     Gourm    .   (no shield)
rNeg     + . .     Faith    .   f - +0 robe {rN+}
rPois    .         Spirit   .   g - +0 helmet
rElec    .         Reflect  .   (no cloak)
rCorr    .         Harm     .   j - +0 pair of gloves
MR       .....     Rnd*Rage +   (no boots)
Stlth    ++........             e - amulet of magic regeneration
HPRegen  0.08/turn              (no ring)
MPRegen  0.36/turn              (no ring)

@: slowed, very slow
A: agile 1, berserk 1, high mp 1, evolution 1
a: no special abilities


You were on level 2 of the Dungeon.
You were not hungry.

You visited 1 branch of the dungeon, and saw 2 of its levels.

You collected 81 gold pieces.

Inventory:

Hand Weapons
 d - a +0 dagger (weapon)
Armour
 a - a +0 robe
 f - a +0 robe of positive energy (worn)
 g - a +0 helmet (worn)
 j - a +0 pair of gloves (worn)
Jewellery
 e - an amulet of magic regeneration (around neck)
Scrolls
 k - 2 scrolls of teleportation {unknown}
 n - a scroll of enchant armour {unknown}
Potions
 b - a potion of agility {unknown}
 h - a potion of cancellation {unknown}
 l - a potion of mutation
 m - a potion of berserk rage {unknown}
 o - 2 potions of lignification {unknown}
Comestibles
 c - 2 rations
 i - 5 chunks of flesh


   Skills:
 - Level 1.7 Dodging
 - Level 1.7 Stealth
 * Level 2.7 Spellcasting
 + Level 4.0 Conjurations


You had 6 spell levels left.
You knew the following spells:

 Your Spells              Type           Power        Failure   Level  Hunger
a - Magic Dart            Conj           ###.         2%          1    None

Your spell library contained the following spells:

 Spells                   Type           Power        Failure   Level  Hunger
 Searing Ray              Conj           ###...       4%          2    ##.....
 Dazzling Spray           Conj/Hex       ##....       19%         3    ###....
 Iskenderun's Mystic Bla  Conj           ###.....     26%         4    ####...
 Force Lance              Conj/Tloc      ##......     52%         4    ####...
 Fulminant Prism          Conj/Hex       ##........   52%         4    ####...


Dungeon Overview and Level Annotations

Branches:
Dungeon (2/15)

Annotations:
D:2 Natasha


Innate Abilities, Weirdness & Mutations

You have an increased reservoir of magic. (+10% MP)
You are agile. (Dex +2)
You tend to lose your temper in combat.
You evolve.


Message History

The magic dart hits Natasha but does no damage.
Natasha is moderately wounded.
Natasha casts a spell.
Natasha casts a spell at you.
You feel as though you will be slow longer.
The iron imp disappears for a moment.
Natasha casts a spell at you. The magic dart hits you!
Natasha closely misses you.
Natasha stares at you and mumbles some strange words.
The magic dart hits you but does no damage.
Natasha casts a spell at you. The magic dart hits you.
* * * LOW HITPOINT WARNING * * *
It was a potion of mutation.
You feel extremely strange.
You feel a little pissed off.
You feel nature experimenting on you.
Don't worry, failures die fast.
You feel agile. Natasha claws you.
You die...

##### ......##########
#.......5....#
#.#.########.## #
#..h#########
#...@.......# ###.#.
#...#######.### ..#..
##.## #.......#######
....## #.#
#.............. ..#..#
#.####.####.###...#######
......
#..........#.##...# ....(
#####......#####.# .#
#.###### #.# .#
########.# #.#


You could see Natasha.

Vanquished Creatures
  A worm (D:1)
  2 dart slugs
  A giant cockroach (D:1)
  A goblin (D:1)
  4 hobgoblins
  3 jackals (D:1)
  A quokka (D:2)
  4 bats
  3 frilled lizards
  3 kobolds (D:1)
  4 rats
27 creatures vanquished.

Notes
Turn   | Place    | Note
-------+----------+-------------------------------------------
     0 | D:1      | Kobob the Demigod Conjurer began the quest for the Orb.
     0 | D:1      | Reached XP level 1. HP: 14/14 MP: 5/5
   579 | D:1      | Reached XP level 2. HP: 20/20 MP: 4/7
  1595 | D:2      | Reached XP level 3. HP: 26/26 MP: 5/9
  1635 | D:2      | Reached skill level 4 in Conjurations
  1695 | D:2      | Noticed Natasha
  1710 | D:2      | Gained mutation: You tend to lose your temper in combat.
                  | [potion of mutation]
  1710 | D:2      | Gained mutation: You evolve. [potion of mutation]
  1710 | D:2      | Gained mutation: You are agile. (Dex +2) [potion of
                  | mutation]
  1710 | D:2      | Slain by Natasha

Levels and vault maps discovered:
D:1:      minmay_arrival_loop, layout_basic, minmay_misc_feat_room
D:2:      layout_loops_ring, uniq_natasha, uniq_robin

Skill      XL: |  1  2  3 |
---------------+----------+-----
Spellcasting   | 2 |  2.7
Conjurations   | 4 |  4.0
Dodging        | |  1.7
Stealth        | |  1.7

Action                   || total
-------------------------++-------
Melee: Dagger            ||     1
 Cast: Magic Dart        ||    77
  Use: Scroll            ||     3
       Potion            ||     1
  Eat: Ration            ||     1
Armor: Robe              ||     2
Dodge: Dodged            ||     5
